 Dungeon Crawl Stone Soup version 0.30-b1-2-g02819fbbbe (webtiles) character file.

Game seed: 8862000326117987853

234 Filo the Ruffian (level 5, -1/49 HPs)
             Began as a Troll Gladiator on July 21, 2023.
             Slain by a gnoll
             ... wielding a +0 flail
              (7 damage)
             ... on level 5 of the Dungeon on July 22, 2023.
             The game lasted 00:31:27 (1498 turns).

Filo the Ruffian (Troll Gladiator)                  Turns: 1498, Time: 00:31:27

Health: -1/49      AC:  4    Str: 22    XL:     5   Next: 75%
Magic:  4/4        EV: 10    Int: 10    God:
Gold:   145        SH:  0    Dex: 13    Spells: 1/4 levels left

rFire   . . .        a - +5 mace of Agusywir {heavy, Int+6}
rCold   . . .        (no shield)
rNeg    . . .        o - +0 robe
rPois   .            b - +0 hat
rElec   .            (no cloak)
rCorr   .            (gloves unavailable)
SInv    .            (boots unavailable)
Will    .....        (no amulet)
Stlth   ++           (no ring)
HPRegen 1.08/turn    (no ring)
MPRegen 0.09/turn

%: no passive effects
@: no status effects
A: large, unfitting armour, claws 3, regeneration 1, shaggy fur 1, tough skin 1
a: no special abilities


You were on level 5 of the Dungeon.
You visited 1 branch of the dungeon, and saw 6 of its levels.

You collected 145 gold pieces.

Inventory:

Hand Weapons
 a - the +5 mace of Agusywir (weapon) {heavy, Int+6}
   (You found it on level 2 of the Dungeon)

   Int:       It affects your intelligence (+6).
 g - a +0 dagger of protection
 h - a +0 mace
 i - a +2 flail of distortion
 k - a +0 dagger
Missiles
 c - a throwing net (quivered)
 d - a large rock
Armour
 b - a +0 hat (worn)
 o - a +0 robe (worn)
Scrolls
 e - a scroll of fog
 m - 2 scrolls of immolation {unknown}
Potions
 f - a potion of mutation {unknown}
 j - 2 potions of haste
 n - a potion of curing {unknown}


   Skills:
 + Level 2.2 Fighting
 + Level 1.1 Short Blades
 + Level 1.0 Maces & Flails
 + Level 1.9 Throwing
 + Level 3.3 Dodging
 + Level 0.9 Stealth
 + Level 4.4 Unarmed Combat


You had one spell level left.
You knew the following spells:

 Your Spells              Type           Power      Damage    Failure   Level
a - Tukima's Dance        Hex            0%         N/A       73%         3

Your spell library contained the following spells:

 Spells                   Type           Power      Damage    Failure   Level
 Portal Projectile        Hex/Tloc       0%         N/A       75%         3
 Blade Hands              Tmut           0%         N/A       100%        5


Dungeon Overview and Level Annotations

Branches:
Dungeon (6/15)
 Temple: D:4-7

Altars:


Innate Abilities, Weirdness & Mutations

You are too large for most types of armour.
You have claws for hands.
Your natural rate of healing is unusually fast.
You are covered in fur. (AC +1)
You have tough skin. (AC +1)


Message History

Found a short sword.
Found 5 stones.
You hear the slow rusting of a very distant drain.
There is a stone staircase leading up here.
You climb upwards.
The gnoll hits you with a +0 flail! The gnoll closely misses you.
There is a stone staircase leading down, spattered with blood here.
The gnoll closely misses you. The gnoll hits you with a +0 whip.
You climb downwards.
You hear the sound of rushing water.
There is an entrance to a sewer on this level.
Hurry and find it before the portal rusts away!
There is a stone staircase leading up here.
The gnoll hits you with a +0 whip! The gnoll hits you with a +0 flail!
You climb upwards.
The gnoll hits you from afar with a +0 spear.
* * * LOW HITPOINT WARNING * * *
There is a stone staircase leading down, spattered with blood here.
The gnoll attacks as you move away! The gnoll hits you but does no damage.
The gnoll hits you with a +0 flail.
* * * LOW HITPOINT WARNING * * *
Okay, then.
The gnoll attacks as you move away! The gnoll hits you with a +0 flail.
* * * LOW HITPOINT WARNING * * *
Throw: 3 throwing nets
Press: ? - help, Q - select action, (/) - cycle Shift-Dir - straight line, f - gnoll
Aim: a gnoll, wielding a +0 flail (61% to hit)
You throw a throwing net.
The throwing net barely misses the gnoll.
The throwing net hits the gnoll.
The gnoll is caught in the net!
The gnoll hits you but does no damage.
The gnoll struggles against the net.
The gnoll hits you from afar with a +0 spear!
* * * LOW HITPOINT WARNING * * *
Throw: 2 throwing nets
Press: ? - help, Q - select action, (/) - cycle Shift-Dir - straight line, f/p - gnoll
Aim: a gnoll, wielding a +0 flail (61% to hit)
You throw a throwing net.
The throwing net barely misses the gnoll.
The throwing net hits the gnoll.
The gnoll hits you with a +0 flail!
You die...

....##.$......... .
#.... #......#.... .##
#...###........... ..
#..##.......##.##. #.#
##.....#.....##.##g ..
##...# #.....##..#. #.
#....####.....###.#.
#.##...#g.>...######.#.
#.....@gg..............
#.###.#.###..##...##.##
#...............####.#
####...#....##### #..
#######...#.#### ##.#
##...........# .#
##............... ..
#.....<........## #.
#..............#


You could see 3 gnolls.

Vanquished Creatures
  A phantom (D:6)
  A scorpion (D:5)
  Natasha (D:2)
  An adder (D:2)
  A white imp (D:5)
  A dart slug (D:4)
  6 endoplasms
  A giant cockroach (D:1)
  3 hobgoblins
  15 jackals
  2 kobolds
  A quokka (D:2)
  A ball python (D:1)
  5 bats (D:1)
  4 frilled lizards (D:1)
  4 goblins (D:1)
  7 rats
55 creatures vanquished.

Notes
Turn   | Place    | Note
-------+----------+-------------------------------------------
     0 | D:1      | Filo the Troll Gladiator began the quest for the Orb.
     0 | D:1      | Reached XP level 1. HP: 19/19 MP: 0/0
    95 | D:1      | Reached XP level 2. HP: 27/27 MP: 1/1
   380 | D:1      | Reached XP level 3. HP: 35/35 MP: 2/2
   925 | D:2      | Noticed Natasha
   931 | D:2      | Killed Natasha
   932 | D:2      | Reached XP level 4. HP: 31/42 MP: 3/3
  1219 | D:2      | Reached skill level 4 in Unarmed Combat
  1232 | D:2      | Identified the +5 mace of Agusywir {heavy, Int+6}
  1246 | D:2      | Learned a level 3 spell: Tukima's Dance
  1335 | D:5      | Entered Level 5 of the Dungeon
  1335 | D:5      | Noticed a black bear
  1365 | D:5      | Noticed a scorpion
  1377 | D:5      | Killed a scorpion
  1378 | D:5      | Reached XP level 5. HP: 38/49 MP: 4/4
  1383 | D:5      | HP: 2/49 [gnoll/+0 spear (4)]
  1412 | D:5      | Noticed a phantom
  1428 | D:6      | Noticed a phantom
  1437 | D:6      | Killed a phantom
  1438 | D:6      | Reached skill level 1 in Short Blades
  1438 | D:6      | Reached skill level 1 in Maces & Flails
  1498 | D:5      | Slain by a gnoll

Illustrated notes

Levels and vault maps discovered:
D:1:      amcnicky_arrival_flooded_fountain, layout_loops_ring,
          minmay_box_of_dots
D:2:      minmay_roachtagon, layout_loops_corners, uniq_natasha, uniq_terence,
          uniq_jessica
D:3:      layout_rooms, okawaru_ov_weapons_minmay, makhleb_altar_promises_db,
          minmay_hedge_maze
D:4:      layout_loops_ring, zin_purify, st_stairs_10
D:5:      layout_rooms, nicolae_overflow_hidden_temple, uniq_edmund
D:6:      layout_cave_pods, temple_doors_cd, gup_sewer_entry_bowl,
          minmay_fractal_squares_5

Skill      XL: |  1  2  3  4  5 |
---------------+----------------+-----
Dodging        | 3 |  3.3
Unarmed Combat | 4 |  4.4
Fighting       | 2 |  2.2
Short Blades   | 1 |  1.1
Maces & Flails | 1 |  1.0
Throwing       | |  1.9
Stealth        | |  0.9

Action                     |  1- 3 |  4- 6 || total
---------------------------+-------+-------++-------
  Melee: Unarmed           |    79 |    10 ||    89
         Dagger            |    47 |       ||    47
         Mace              |     2 |    17 ||    19
         Punch             |       |     1 ||     1
  Throw: Throwing net      |       |     2 ||     2
   Cast: Tukima's Dance    |       |     1 ||     1
    Use: Scroll            |     5 |     1 ||     6
         Potion            |       |     1 ||     1
   Stab: Sleeping          |     2 |       ||     2
 Armour: Robe              |    42 |    12 ||    54
  Dodge: Dodged            |    62 |    17 ||    79
